[ AOE2 MATCH · #495272802 ]
UnrankedGoths vs Tatars
Player's team · WIN
Rival team · LOSS
[ REPLAY ANALYSIS · EXTRACTED FROM THE RECORDED GAME ]
Feudal
10:05
Castle
19:43
Imperial
—
| APM avg | 49.1 |
| APM peak | 94 |
| eAPM avg | 22.3 |
| Villagers / military | 73 / 49 |
Focus
⚔️ 19.1% · 🌾 80.9%
Huskarl ×19 · Militia ×11 · Battering Ram ×6 · Archer ×5 · Skirmisher ×5 · Spearman ×2
Feudal
10:53
Castle
17:04
Imperial
—
| APM avg | 67.4 |
| APM peak | 123 |
| eAPM avg | 28.2 |
| Villagers / military | 63 / 6 |
Focus
⚔️ 13.2% · 🌾 86.8%
Keshik ×6
Match map
Initial resources + every placement click. Lines = walls · curves = elevation contours. ◆ gold · ⬟ stone · ● berries · ✦ relic · ◌ wall gap
Your base· Open — 7t gap
101010101110's base· Open — 4t gap
Smoothed initial terrain · ◌ = detected wall gap · hover for details
Inputs per minute
— BilbooDEMON - - 101010101110
Build order — BilbooDEMON
First 150 of 188 actions detected
| 0:04 | Build | Town Center |
| 1:07 | Queue | Villager (Male) |
| 1:07 | Queue | Villager (Male) |
| 1:08 | Queue | Villager (Male) |
| 1:08 | Queue | Villager (Male) |
| 1:08 | Queue | Villager (Male) |
| 1:37 | Build | Lumber Camp |
| 1:57 | Queue | Villager (Male) |
| 2:38 | Queue | Villager (Male) |
| 2:55 | Queue | Villager (Male) |
| 3:07 | Research | Loom |
| 3:08 | Queue | Villager (Male) |
| 3:08 | Queue | Villager (Male) |
| 3:27 | Queue | Villager (Male) |
| 3:49 | Queue | Villager (Male) |
| 4:12 | Build | House |
| 4:31 | Queue | Villager (Male) |
| 4:31 | Queue | Villager (Male) |
| 4:37 | Build | Mill |
| 4:52 | Queue | Villager (Male) |
| 5:55 | Queue | Villager (Male) |
| 6:19 | Queue | Villager (Male) |
| 6:21 | Queue | Villager (Male) |
| 6:27 | Build | Farm |
| 6:38 | Build | Farm |
| 6:40 | Queue | Villager (Male) |
| 7:06 | Build | Mining Camp |
| 7:41 | Queue | Villager (Male) |
| 7:55 | Research | Feudal Age |
| 7:58 | Build | Farm |
| 8:06 | Queue | Villager (Male) |
| 8:15 | Build | Barracks |
| 8:20 | Build | House |
| 8:53 | Queue | Villager (Male) |
| 9:24 | Queue | Militia |
| 9:24 | Queue | Militia |
| 9:24 | Queue | Militia |
| 9:25 | Queue | Militia |
| 9:25 | Queue | Militia |
| 10:02 | Build | House |
| 10:05 | Age | Feudal Age |
| 10:15 | Research | Man-at-Arms (upgrade) |
| 10:22 | Build | Archery Range |
| 10:28 | Queue | Villager (Male) |
| 10:38 | Queue | Militia |
| 10:39 | Queue | Militia |
| 10:50 | Build | House |
| 11:04 | Queue | Villager (Male) |
| 11:08 | Build | House |
| 11:09 | Queue | Villager (Male) |
| 11:27 | Queue | Archer |
| 11:27 | Queue | Skirmisher |
| 11:28 | Queue | Skirmisher |
| 11:51 | Queue | Archer |
| 11:58 | Queue | Villager (Male) |
| 12:08 | Queue | Militia |
| 12:08 | Queue | Militia |
| 12:25 | Queue | Militia |
| 12:31 | Queue | Militia |
| 12:32 | Queue | Villager (Male) |
| 12:32 | Queue | Villager (Male) |
| 12:37 | Build | Mill |
| 12:44 | Queue | Villager (Male) |
| 12:48 | Research | Double-Bit Axe |
| 12:49 | Queue | Skirmisher |
| 12:50 | Queue | Skirmisher |
| 13:08 | Build | Blacksmith |
| 13:14 | Queue | Archer |
| 13:31 | Queue | Villager (Male) |
| 13:34 | Queue | Skirmisher |
| 14:01 | Build | House |
| 14:03 | Build | House |
| 14:05 | Queue | Archer |
| 14:24 | Queue | Archer |
| 14:32 | Queue | Villager (Male) |
| 14:32 | Queue | Villager (Male) |
| 14:36 | Build | House |
| 14:37 | Build | House |
| 14:47 | Queue | Villager (Male) |
| 15:25 | Queue | Villager (Male) |
| 15:33 | Build | Market |
| 15:38 | Queue | Villager (Male) |
| 16:06 | Build | House |
| 16:10 | Queue | Villager (Male) |
| 16:39 | Build | House |
| 16:41 | Queue | Villager (Male) |
| 16:59 | Build | House |
| 17:02 | Research | Castle Age |
| 17:19 | Build | Mining Camp |
| 17:42 | Build | House |
| 17:51 | Research | Stone Mining |
| 17:58 | Research | Horse Collar |
| 18:19 | Build | House |
| 18:22 | Build | Palisade Wall |
| 18:29 | Build | Palisade Wall |
| 19:02 | Queue | Villager (Male) |
| 19:02 | Queue | Villager (Male) |
| 19:37 | Queue | Villager (Male) |
| 19:43 | Age | Castle Age |
| 20:09 | Build | Castle |
| 20:39 | Build | Castle |
| 21:08 | Queue | Villager (Male) |
| 21:09 | Queue | Villager (Male) |
| 21:26 | Build | Siege Workshop |
| 21:46 | Build | Farm |
| 21:47 | Queue | Villager (Male) |
| 21:53 | Build | Farm |
| 22:03 | Build | Town Center |
| 22:08 | Build | Mining Camp |
| 22:12 | Queue | Huskarl |
| 22:13 | Queue | Huskarl |
| 22:13 | Queue | Huskarl |
| 22:14 | Queue | Huskarl |
| 22:25 | Queue | Mangonel |
| 22:34 | Queue | Villager (Male) |
| 22:35 | Queue | Villager (Male) |
| 22:38 | Build | Farm |
| 22:59 | Queue | Huskarl |
| 23:00 | Queue | Huskarl |
| 23:04 | Research | Scale Mail Armor |
| 23:20 | Queue | Huskarl |
| 23:21 | Queue | Huskarl |
| 23:39 | Queue | Huskarl |
| 23:40 | Queue | Villager (Male) |
| 23:40 | Queue | Villager (Male) |
| 23:47 | Queue | Spearman |
| 23:48 | Queue | Spearman |
| 24:00 | Build | House |
| 24:02 | Build | House |
| 24:10 | Build | Town Center |
| 24:13 | Build | House |
| 24:39 | Queue | Huskarl |
| 24:39 | Queue | Huskarl |
| 24:39 | Queue | Huskarl |
| 25:09 | Queue | Villager (Male) |
| 25:09 | Queue | Villager (Male) |
| 25:10 | Queue | Villager (Male) |
| 25:10 | Queue | Villager (Male) |
| 25:28 | Queue | Villager (Male) |
| 25:35 | Build | Farm |
| 25:41 | Build | Farm |
| 26:17 | Queue | Battering Ram |
| 26:17 | Queue | Battering Ram |
| 26:41 | Queue | Villager (Male) |
| 26:41 | Queue | Villager (Male) |
| 26:45 | Queue | Villager (Male) |
| 26:46 | Queue | Villager (Male) |
| 26:46 | Queue | Villager (Male) |
| 26:50 | Queue | Battering Ram |
| 27:00 | Queue | Huskarl |
Build order — 101010101110
134 actions detected in the replay
| 0:04 | Build | Town Center |
| 1:04 | Queue | Villager (Male) |
| 1:05 | Queue | Villager (Male) |
| 1:33 | Queue | Villager (Male) |
| 1:33 | Queue | Villager (Male) |
| 1:50 | Queue | Villager (Male) |
| 1:51 | Queue | Villager (Male) |
| 2:22 | Queue | Villager (Male) |
| 2:22 | Queue | Villager (Male) |
| 2:44 | Queue | Villager (Male) |
| 2:44 | Queue | Villager (Male) |
| 2:49 | Queue | Villager (Male) |
| 3:37 | Queue | Villager (Male) |
| 3:37 | Queue | Villager (Male) |
| 3:37 | Queue | Villager (Male) |
| 3:59 | Queue | Villager (Male) |
| 4:18 | Build | Mining Camp |
| 4:23 | Queue | Villager (Male) |
| 4:50 | Queue | Villager (Male) |
| 5:05 | Build | Lumber Camp |
| 5:24 | Queue | Villager (Male) |
| 5:25 | Queue | Villager (Male) |
| 5:25 | Queue | Villager (Male) |
| 5:34 | Queue | Villager (Male) |
| 5:51 | Queue | Villager (Male) |
| 5:56 | Research | Loom |
| 6:32 | Build | House |
| 6:36 | Queue | Villager (Male) |
| 6:58 | Research | Loom |
| 7:01 | Queue | Villager (Male) |
| 7:03 | Build | House |
| 7:19 | Queue | Villager (Male) |
| 7:53 | Queue | Villager (Male) |
| 7:53 | Queue | Villager (Male) |
| 8:32 | Research | Feudal Age |
| 10:53 | Age | Feudal Age |
| 10:56 | Build | Blacksmith |
| 11:13 | Build | Barracks |
| 11:15 | Build | Palisade Wall |
| 11:17 | Build | Palisade Wall |
| 11:22 | Queue | Villager (Male) |
| 11:25 | Build | House |
| 11:32 | Build | House |
| 11:54 | Queue | Villager (Male) |
| 11:59 | Build | House |
| 12:07 | Queue | Villager (Male) |
| 12:20 | Queue | Villager (Male) |
| 12:31 | Queue | Villager (Male) |
| 12:52 | Build | Mill |
| 13:01 | Build | Watch Tower |
| 13:06 | Queue | Villager (Male) |
| 13:17 | Research | Loom |
| 13:31 | Build | Market |
| 13:58 | Queue | Villager (Male) |
| 14:04 | Build | House |
| 14:23 | Research | Castle Age |
| 14:28 | Build | Watch Tower |
| 15:23 | Build | House |
| 15:31 | Queue | Villager (Male) |
| 15:45 | Queue | Villager (Male) |
| 15:48 | Build | Mining Camp |
| 16:08 | Research | Double-Bit Axe |
| 16:09 | Research | Double-Bit Axe |
| 16:26 | Research | Stone Mining |
| 17:04 | Age | Castle Age |
| 17:04 | Build | Blacksmith |
| 17:18 | Build | Stable |
| 17:53 | Build | Farm |
| 17:56 | Build | Farm |
| 17:58 | Build | Farm |
| 18:06 | Build | Farm |
| 18:36 | Build | Stone Wall |
| 18:48 | Build | Farm |
| 18:57 | Build | Castle |
| 19:12 | Build | Farm |
| 19:13 | Build | Farm |
| 19:14 | Queue | Villager (Male) |
| 19:17 | Build | Farm |
| 19:25 | Build | House |
| 19:40 | Queue | Villager (Male) |
| 19:44 | Build | Farm |
| 20:01 | Build | Lumber Camp |
| 20:15 | Build | Farm |
| 20:19 | Queue | Keshik |
| 20:31 | Queue | Villager (Male) |
| 20:41 | Build | Farm |
| 21:02 | Research | Horse Collar |
| 21:07 | Queue | Villager (Male) |
| 21:26 | Queue | Keshik |
| 22:01 | Queue | Villager (Male) |
| 22:10 | Queue | Keshik |
| 22:32 | Queue | Villager (Male) |
| 22:45 | Queue | Villager (Male) |
| 22:47 | Build | Farm |
| 22:47 | Build | Farm |
| 22:48 | Build | Farm |
| 22:48 | Build | Farm |
| 22:52 | Build | Farm |
| 22:55 | Build | Farm |
| 22:59 | Build | Town Center |
| 23:08 | Queue | Villager (Male) |
| 23:23 | Build | House |
| 23:26 | Build | House |
| 23:28 | Build | House |
| 23:30 | Build | Palisade Wall |
| 23:34 | Build | Palisade Wall |
| 24:00 | Queue | Villager (Male) |
| 24:06 | Queue | Keshik |
| 24:18 | Build | Town Center |
| 24:38 | Queue | Villager (Male) |
| 24:41 | Queue | Villager (Male) |
| 25:19 | Queue | Villager (Male) |
| 25:34 | Queue | Villager (Male) |
| 25:57 | Queue | Villager (Male) |
| 26:38 | Queue | Villager (Male) |
| 26:40 | Queue | Villager (Male) |
| 27:12 | Queue | Villager (Male) |
| 27:13 | Queue | Villager (Male) |
| 27:17 | Build | Town Center |
| 27:20 | Queue | Villager (Male) |
| 27:25 | Queue | Keshik |
| 27:34 | Build | Lumber Camp |
| 28:02 | Queue | Villager (Male) |
| 28:02 | Queue | Villager (Male) |
| 28:49 | Queue | Villager (Male) |
| 28:58 | Queue | Keshik |
| 29:27 | Queue | Villager (Male) |
| 29:27 | Queue | Villager (Male) |
| 29:50 | Queue | Villager (Male) |
| 29:56 | Build | Mining Camp |
| 30:02 | Queue | Villager (Male) |
| 30:07 | Queue | Villager (Male) |
| 30:13 | Build | Market |
| 30:30 | Build | House |
Match timeline
| 8:15 | BilbooDEMON · first_building Barracks |
| 10:05 | BilbooDEMON · age_up feudal |
| 10:22 | BilbooDEMON · first_building Archery Range |
| 10:53 | 101010101110 · age_up feudal |
| 11:13 | 101010101110 · first_building Barracks |
| 11:15 | 101010101110 · wall_segment Palisade Wall x1 |
| 11:17 | 101010101110 · wall_segment Palisade Wall x1 |
| 17:01 | BilbooDEMON · first_market_buy 100 food |
| 17:04 | 101010101110 · age_up castle |
| 17:18 | 101010101110 · first_building Stable |
| 18:22 | BilbooDEMON · wall_segment Palisade Wall x10 |
| 18:29 | BilbooDEMON · wall_segment Palisade Wall x6 |
| 18:36 | 101010101110 · wall_segment Stone Wall x4 |
| 18:57 | 101010101110 · first_building Castle |
| 19:43 | BilbooDEMON · age_up castle |
| 20:09 | BilbooDEMON · first_building Castle |
| 21:26 | BilbooDEMON · first_building Siege Workshop |
| 23:30 | 101010101110 · wall_segment Palisade Wall x1 |
| 23:34 | 101010101110 · wall_segment Palisade Wall x1 |
| 28:23 | BilbooDEMON · first_market_sell 100 wood |
| 31:13 | 101010101110 · resign |
[ AI ANALYSIS · 1 CREDIT ]
What really happened in this match?
Wolo.gg analyzes every decision: build order, eco, micro, common mistakes by bracket. Personalized analysis on WhatsApp or Discord in 30 seconds.
Civ guide
Goths
Perfil
Jugador #618457